 Dungeon Sprint DCSS version 0.30-a0-23-ge60ba3568b (webtiles) character file.

Game seed: 14022030239002656855

459733 enile the Talismancer (level 19, 207/207 HPs)
             Began as a Hill Orc Monk on Aug 25, 2022.
             Was the Champion of Nemelex Xobeh.
             Escaped with the Orb!
             The game lasted 00:40:05 (5395 turns).

enile the Talismancer (Hill Orc Monk)               Turns: 5395, Time: 00:40:06

Health: 207/207    AC: 40    Str: 22    XL:     19   Next: 12%
Magic:  36/36      EV: 21    Int: 16    God:    Nemelex Xobeh [******]
Gold:   0          SH:  5    Dex: 23    Spells: 16/18 levels left

rFire   + + .      SeeInvis +    M - +8 frozen axe "Frostbite" {freezing cloud, *Noise Fly rC+}
rCold   + + .      Faith    .    (shield currently unavailable)
rNeg    + . .      Spirit   .    D - +5 gold dragon scales
rPois   +          Reflect  +    X - +0 helmet {SInv}
rElec   +          Harm     .    (no cloak)
rCorr   +          Rampage  .    N - +2 pair of gloves {Stlth+}
Will    ++...      NoTele   +    m - +0 pair of boots of the Teacher {Regen+}
Stlth   ..........               Q - amulet "Liwaxt" {Reflect Dex+3 SH+5}
HPRegen 1.24/turn                c - ring of Anlig {Int+6 Dex+7 Slay+5 Stlth-}
MPRegen 0.25/turn                l - ring of Ytiufodi {rElec rF+ rN+ rCorr}

@: flying, studying 4 skills
A: strong-willed 1, mutation resistance 1, wild magic 1
0: Orb of Zot
a: Renounce Religion, Draw Escape, Draw Destruction, Draw Summoning, Triple
Draw, Deal Four, Stack Five


You escaped.
You worshipped Nemelex Xobeh.
Nemelex Xobeh was exalted by your worship.
You visited 1 branch

Inventory:

Hand Weapons
 F - the +7 Singing Sword {vorpal, sonic wave}
   (You found it in the Dungeon)

   It inflicts extra damage upon your enemies.
   It radiates damaging sonic waves as it strikes, especially in combat
   involving dangerous or numerous foes.
 J - the +6 shillelagh "Devastator" {shatter}
   (You found it in the Dungeon)

   It releases a powerful concussive burst when it strikes, dealing extra damage
   to the target and all other foes adjacent to them.
 K - a +9 broad axe of flaming
 L - the +8 autumn katana {vorpal, manifold assault}
   (You found it in the Dungeon)

   It sometimes launches melee attacks against multiple visible enemies.
 M - the +8 frozen axe "Frostbite" (weapon) {freezing cloud, *Noise Fly rC+}
   (You found it in the Dungeon)

   It freezes those it strikes, dealing additional cold damage.
   It can also slow down cold-blooded creatures.
   It occasionally leaves clouds of freezing vapour upon striking a foe.
   It grants immunity to clouds of freezing vapour.
   rC:        It protects you from cold.
   Fly:       It grants you flight.
   *Noise:    It may make noises in combat.
Missiles
 b - a throwing net
 v - 6 javelins (quivered)
Armour
 m - the +0 pair of boots of the Teacher (worn) {Regen+}
   (You found it in the Dungeon)

   Regen:     It increases your rate of health regeneration.
 n - the +1 scale mail "Bem Hueh" {Int+2 Slay+5}
   (You took it off a merfolk impaler in the Dungeon)

   Int:       It affects your intelligence (+2).
   Slay:      It affects your accuracy & damage with ranged weapons and melee
   (+5).
 y - a +3 tower shield
 B - a +5 crystal plate armour
 D - +5 gold dragon scales (worn)
 E - the +18 shield of the Gong {rElec rN+ Will+ EV-5}
   (You found it in the Dungeon)

   It is deafeningly noisy when blocking attacks.
   EV:        It affects your evasion (-5).
   rElec:     It insulates you from electricity.
   rN:        It protects you from negative energy.
   Will:      It increases your willpower.
 N - a +2 pair of gloves of stealth (worn)
 X - a +0 helmet of see invisible (worn)
Jewellery
 c - the ring of Anlig (left hand) {Int+6 Dex+7 Slay+5 Stlth-}
   (You took it off a merfolk impaler in the Dungeon)

   [ring of intelligence]

   Int:       It affects your intelligence (+6).
   Dex:       It affects your dexterity (+7).
   Slay:      It affects your accuracy & damage with ranged weapons and melee
   (+5).
   Stlth:     It makes you less stealthy.
 e - the ring of a Million Suns {*Corrode Dex+7 Slay+4}
   (You found it in the Dungeon)

   [ring of slaying]

   Dex:       It affects your dexterity (+7).
   Slay:      It affects your accuracy & damage with ranged weapons and melee
   (+4).
   *Corrode:  It may corrode you when you take damage.
 k - a ring of flight
 l - the ring of Ytiufodi (right hand) {rElec rF+ rN+ rCorr}
   (You found it in the Dungeon)

   [ring of protection from fire]

   rF:        It protects you from fire.
   rElec:     It insulates you from electricity.
   rN:        It protects you from negative energy.
   rCorr:     It protects you from acid and corrosion.
 o - the ring of the Princess {rPois Dex+2}
   (You found it in the Dungeon)

   [ring of poison resistance]

   Dex:       It affects your dexterity (+2).
   rPois:     It protects you from poison.
 p - a +6 ring of strength
 q - an amulet of the acrobat
 w - the ring of Shadows {Umbra +Inv Stlth+}
   (You found it in the Dungeon)

   [ring of stealth]

   It surrounds you with an aura of shadow, increasing your stealth and reducing
   the accuracy of all others within it.
   +Inv:      It lets you turn invisible.
   Stlth:     It makes you more stealthy.
 G - the ring "Hutusegh" {Wiz Str+3}
   (You found it in the Dungeon)

   [ring of wizardry]

   It improves your spell success rate.
   Str:       It affects your strength (+3).
 Q - the amulet "Liwaxt" (around neck) {Reflect Dex+3 SH+5}
   (You found it in the Dungeon)

   [amulet of reflection]

   It reflects blocked missile attacks.
   Dex:       It affects your dexterity (+3).
   SH:        It affects your SH (+5).
 U - a +4 ring of evasion
 V - the ring "Mommenn" {rElec Int+4 Dex+6}
   (You took it off a merfolk impaler in the Dungeon)

   [ring of dexterity]

   Int:       It affects your intelligence (+4).
   Dex:       It affects your dexterity (+6).
   rElec:     It insulates you from electricity.
 W - a ring of see invisible
 Z - a +6 ring of strength
Wands
 r - a wand of mindburst (7)
 s - a wand of acid (7)
Scrolls
 i - a scroll of blinking
 t - 4 scrolls of amnesia
 u - 8 scrolls of fog
 H - 16 scrolls of enchant weapon
 I - 8 scrolls of enchant armour
 T - 2 scrolls of brand weapon
Potions
 d - 6 potions of curing
 f - 10 potions of haste
 g - 7 potions of magic
 h - a potion of berserk rage
 x - 2 potions of brilliance
 z - a potion of invisibility
 A - 4 potions of resistance
 C - 5 potions of might
Miscellaneous
 a - a condenser vane
 j - a lightning rod (4/4)
 O - a lightning rod (4/4)
 P - a tin of tremorstones (2/2)
 R - a phantom mirror
 S - a phial of floods
 Y - a box of beasts


   Skills:
 O Level 27 Fighting
 - Level 20.6 Axes
 O Level 27 Armour
 O Level 27 Dodging
 - Level 5.3 Stealth
 O Level 27 Shields
 + Level 0.0 Translocations
 O Level 27 Invocations
 O Level 27 Evocations


You had 16 spell levels left.
You knew the following spells:

 Your Spells              Type           Power      Damage    Failure   Level
a - Blink                 Tloc           0%         N/A       99%         2

Your spell library contained the following spells:

 Spells                   Type           Power      Damage    Failure   Level
 Apportation              Tloc           0%         N/A       95%         1
 Beastly Appendage        Tmut           0%         N/A       95%         1
 Foxfire                  Conj/Fire      0%         2x1d4     95%         1
 Freeze                   Ice            0%         1d3       95%         1
 Magic Dart               Conj           0%         1d3       95%         1
 Necrotise                Necr           0%         1d4       95%         1
 Shock                    Conj/Air       0%         1d3       95%         1
 Slow                     Hex            0%         N/A       95%         1
 Sting                    Tmut/Pois      0%         1d3       95%         1
 Summon Small Mammal      Summ           0%         N/A       95%         1
 Call Imp                 Summ           0%         N/A       99%         2
 Ensorcelled Hibernation  Hex/Ice        0%         N/A       99%         2
 Passwall                 Tmut/Erth      0%         N/A       99%         2
 Poisonous Vapours        Pois/Air       0%         N/A       99%         2
 Scorch                   Fire           0%         2d5       99%         2
 Static Discharge         Conj/Air       0%         3-3/arc   99%         2
 Sublimation of Blood     Necr           0%         N/A       99%         2
 Wereblood                Tmut           0%         N/A       99%         2
 Call Canine Familiar     Summ           0%         N/A       100%        3
 Confusing Touch          Hex            0%         N/A       100%        3
 Conjure Flame            Conj/Fire      0%         6-21      100%        3
 Dazzling Flash           Conj/Hex       0%         N/A       100%        3
 Gell's Gravitas          Tloc           0%         N/A       100%        3
 Ignite Poison            Fire/Tmut/Pois 0%         N/A       100%        3
 Inner Flame              Hex/Fire       0%         N/A       100%        3
 Lesser Beckoning         Tloc           0%         N/A       100%        3
 Mephitic Cloud           Conj/Pois/Air  0%         N/A       100%        3
 Portal Projectile        Hex/Tloc       0%         N/A       100%        3
 Spider Form              Tmut/Pois      0%         N/A       100%        3
 Stone Arrow              Conj/Erth      0%         3d7       100%        3
 Summon Guardian Golem    Hex/Summ       0%         N/A       100%        3
 Swiftness                Air            0%         N/A       100%        3
 Teleport Other           Tloc           0%         N/A       100%        3
 Tukima's Dance           Hex            0%         N/A       100%        3
 Vampiric Draining        Necr           0%         2d6       100%        3
 Airstrike                Air            0%         2d(0-16)  100%        4
 Anguish                  Hex/Necr       0%         N/A       100%        4
 Animate Armour           Summ/Erth      0%         N/A       100%        4
 Animate Dead             Necr           0%         N/A       100%        4
 Corpse Rot               Necr/Pois/Air  0%         N/A       100%        4
 Dispel Undead            Necr           0%         3d6       100%        4
 Flame Wave               Conj/Fire      0%         2d4       100%        4
 Fulminant Prism          Conj/Hex       0%         3d6       100%        4
 Hailstorm                Conj/Ice       0%         3d3       100%        4
 Ice Form                 Ice/Tmut       0%         N/A       100%        4
 Iskenderun's Mystic Bla  Conj/Tloc      0%         2d3       100%        4
 Leda's Liquefaction      Hex/Erth       0%         N/A       100%        4
 Olgreb's Toxic Radiance  Pois           0%         N/A       100%        4
 Passage of Golubria      Tloc           0%         N/A       100%        4
 Petrify                  Tmut/Erth      0%         N/A       100%        4
 Sticky Flame             Conj/Fire      0%         2d3       100%        4
 Summon Ice Beast         Ice/Summ       0%         N/A       100%        4
 Summon Lightning Spire   Summ/Air       0%         N/A       100%        4
 Agony                    Necr           0%         N/A       100%        5
 Alistair's Intoxication  Tmut/Pois      0%         N/A       100%        5
 Blade Hands              Tmut           0%         N/A       100%        5
 Borgnjor's Vile Clutch   Necr/Erth      0%         N/A       100%        5
 Fireball                 Conj/Fire      0%         3d3       100%        5
 Freezing Cloud           Conj/Ice/Air   0%         6-21      100%        5
 Irradiate                Conj/Tmut      0%         3d11      100%        5
 Iskenderun's Battlesphe  Conj           0%         2d6       100%        5
 Lee's Rapid Deconstruct  Erth           0%         3d5*      100%        5
 Lightning Bolt           Conj/Air       0%         1d11      100%        5
 Manifold Assault         Tloc           0%         N/A       100%        5
 Metabolic Englaciation   Hex/Ice        0%         N/A       100%        5
 Silence                  Hex/Air        0%         N/A       100%        5
 Summon Forest            Summ/Tloc      0%         N/A       100%        5
 Summon Mana Viper        Hex/Summ       0%         N/A       100%        5
 Yara's Violent Unravell  Hex/Tmut       0%         3d3       100%        5
 Conjure Ball Lightning   Conj/Air       0%         3x3d6     100%        6
 Death Channel            Necr           0%         N/A       100%        6
 Dispersal                Tloc           0%         N/A       100%        6
 Eringya's Noxious Bog    Tmut/Pois      0%         N/A       100%        6
 Iron Shot                Conj/Erth      0%         9d1       100%        6
 Simulacrum               Ice/Necr       0%         N/A       100%        6
 Starburst                Conj/Fire      0%         6d3       100%        6
 Statue Form              Tmut/Erth      0%         N/A       100%        6
 Summon Cactus Giant      Summ           0%         N/A       100%        6
 Dragon Form              Tmut           0%         N/A       100%        7
 Enfeeble                 Hex            0%         N/A       100%        7
 Haunt                    Necr/Summ      0%         N/A       100%        7
 Malign Gateway           Summ/Tloc      0%         N/A       100%        7
 Monstrous Menagerie      Summ           0%         N/A       100%        7
 Orb of Destruction       Conj           0%         9d5       100%        7
 Ozocubu's Refrigeration  Ice            0%         4d7       100%        7
 Spellforged Servitor     Conj/Summ      0%         N/A       100%        7
 Storm Form               Tmut/Air       0%         N/A       100%        7
 Summon Hydra             Summ           0%         N/A       100%        7
 Discord                  Hex            0%         N/A       100%        8
 Disjunction              Tloc           0%         N/A       100%        8
 Ignition                 Fire           0%         3d3       100%        8
 Lehudib's Crystal Spear  Conj/Erth      0%         10d2      100%        8
 Maxwell's Capacitive Co  Air            0%         ∞         100%        8
 Summon Horrible Things   Summ           0%         N/A       100%        8
 Chain Lightning          Conj/Air       0%         N/A       100%        9
 Fire Storm               Conj/Fire      0%         5d1       100%        9
 Polar Vortex             Ice            0%         N/A       100%        9
 Shatter                  Erth           0%         3d5*      100%        9


Dungeon Overview and Level Annotations

Branches:
Dungeon (1/1)

Altars:
Ashenzari
Cheibriados
Dithmenos
Elyvilon
Fedhas
Gozag
Hepliaklqana
Kikubaaqudgha
Makhleb
Nemelex Xobeh
Okawaru
Qazlal
Ru
Sif Muna
Trog
Uskayaw
Vehumet
Wu Jian
Xom
Yredelemnul
Zin
The Shining One
Beogh
Jiyva
Lugonu


Innate Abilities, Weirdness & Mutations

You are strong-willed. (Will+)
You are somewhat resistant to further mutation.
Your spells are a little harder to cast, but a little more powerful.


Message History

You see here a +0 flail of holy wrath.
Your pack is full.
You see here a ring of resist corrosion.
You see here a +2 robe of willpower.
You see here a phial of floods.
You see here a +0 vorpal arbalest.
You see here a +2 vorpal long sword.
You see here the +8 frozen axe "Frostbite" {freezing cloud, *Noise Fly rC+}.
You drop the +14 obsidian axe {vorpal, Mesm Drain Fly SInv}.
You see here the +8 frozen axe "Frostbite" {freezing cloud, *Noise Fly rC+}.
M - the +8 frozen axe "Frostbite" {freezing cloud, *Noise Fly rC+} You start removing your armour.
You continue taking off the +18 shield of the Gong {rElec rN+ Will+ EV-5}. x4
You finish taking off the +18 shield of the Gong {rElec rN+ Will+ EV-5}.
Your +9 broad axe of flaming stops flaming.
You fly up into the air.
The +8 frozen axe "Frostbite" {freezing cloud, *Noise Fly rC+} glows with a cold blue light!
M - the +8 frozen axe "Frostbite" (weapon)
{freezing cloud, *Noise Fly rC+} You see here a +2 vorpal long sword.
You see here a +0 vorpal arbalest.
You see here a phial of floods.
You see here a +2 robe of willpower.
Your pack is full.
You see here a ring of resist corrosion.
You see here a +0 flail of holy wrath.
There is a transporter here.
An exit appears before you!
You enter the transporter and appear at another place.
Found the Orb of Zot.
You see here the Orb of Zot.
You pick up the Orb of Zot!
The Orb lets out a hideous shriek!
The lords of Pandemonium are not amused.
Beware!
Now all you have to do is get back out of the dungeon!
Found a staircase leading out of the dungeon.
There is a staircase leading out of the dungeon here.
You can't go down here!
Unknown command.
You can't go down here!
Unknown command.
You have escaped!

..)..~~.).~.▓..▓.......▓..▓...8©8
..))...~..~~▓.▓.▓.....▓.▓.▓..)...
..~....~.~~.▓..▓.......▓..▓..}=[|
~..~..~..~~~▓.............▓......
.~..~)).~.~.▓......©......▓...).|
..).~~~..~.~▓▓▓▓▓▓▓▓▓▓▓▓▓▓▓...)))
▓~~~.~~.▓.)~▓8888888888888▓.....)
▓▓~....▓▓▓)~▓8..§........8▓......
▓~~~~...▓).)▓8..@.§...©..8▓.▓....
~~~~..~~)~~~▓8...........8▓....©.
~.~.©..~.~~~▓8888888888888▓▓▓▓▓▓▓
▓▓▓▓▓▓▓▓▓▓▓▓▓▓▓▓▓▓▓▓▓▓▓▓▓▓▓▓▓▓▓▓▓
.....8©8........▓........8©8.....
|})}}|::.))"})[.▓.).[}.|)[)}[..||
:}|}}(.:|)).:|..▓...}))[:[)..[|).
=:)[)()[))(())).▓.|.}.|[:}:)[[|.[
)).)).)().)).)..▓.......[))))....


There were no monsters in sight!

Vanquished Creatures
  3 Orb Guardians (D)
  2 quicksilver dragons (D)
  8 titans (D)
  4 krakens (D)
  12 acid blobs (D)
  Gastronok (D)
  A death cob (D)
  A storm dragon (D)
  A shadow dragon (D)
  6 azure jellies (D)
  7 nagarajas (D)
  8 rockslimes (D)
  16 fire giants (D)
  6 frost giants (D)
  2 ghost moths (D)
  3 ghouls (D)
  2 draconian shifters (D)
  A broodmother (D)
  7 spriggan defenders (D)
  2 quicksilver oozes (D)
  7 stone giants (D)
  An ironbound thunderhulk (D)
  4 green draconians (D)
  4 black draconians (D)
  3 minotaurs (D)
  2 vampire knights (D)
  A purple draconian (D)
  6 yellow draconians (D)
  6 white draconians (D)
  A spark wasp (D)
  2 red draconians (D)
  A bunyip (D)
  8 merfolk impalers (D)
  7 ettins (D)
  6 merfolk javelineers (D)
  A great orb of eyes (D)
  2 jorogumos (D)
  A boulder beetle (D)
  3 spriggan air magi (D)
  7 anacondas (D)
  A catoblepas (D)
  An alligator (D)
  2 merfolk avatars (D)
  5 naga warriors (D)
  7 merfolk aquamancers (D)
  A two-headed ogre (D)
  2 satyrs (D)
  3 vampire magi (D)
  A death yak (D)
  5 soul eaters (D)
  Urug (D)
  6 spriggan berserkers (D)
  Nergalle (D)
  A skeletal warrior (D)
  4 sea snakes (D)
  A spriggan druid (D)
  A glowing orange brain (D)
  2 swamp dragons (D)
  2 orc knights (D)
  2 harpies (D)
  2 lindwurms (D)
  2 necromancers (D)
  A wolf spider (D)
  An orc sorcerer (D)
  A shining eye (D)
  3 manticores (D)
  4 merfolk sirens (D)
  Joseph (D)
  7 cyclopes (D)
  5 guardian serpents (D)
  2 eyes of devastation (D)
  3 water nymphs (D)
  13 black mambas (D)
  A torpor snail (D)
  A vault sentinel (D)
  6 naga magi (D)
  7 cane toads (D)
  An ice devil (D)
  4 komodo dragons (D)
  4 rime drakes (D)
  An unseen horror (D)
  A freezing wraith (D)
  3 efreet (D)
  3 merfolk (D)
  A troll (D)
  2 queen bees (D)
  3 polar bears (D)
  A tarantella (D)
  A wind drake (D)
  A meliai (D)
  2 hornets (D)
  Prince Ribbit (D)
  3 snapping turtles (D)
  19 slime creatures (D)
  A blink frog (D)
  Sigmund (D)
  A vampire (D)
  A jumping spider (D)
  4 water elementals (D)
  A shadow (D)
  A wyvern (D)
  2 yaks (D)
  A fire bat (D)
  5 golden eyes (D)
  Eustachio (D)
  A human (D)
  A fire elemental (D)
  A steam dragon (D)
  7 nagas (D)
  Edmund (D)
  3 wargs (D)
  2 swamp worms (D)
  3 acid dragons (D)
  9 water moccasins (D)
  6 floating eyes (D)
  2 hell hounds (D)
  A swamp drake (D)
  5 ice beasts (D)
  5 orc warriors (D)
  A sky beast (D)
  6 bullfrogs (D)
  3 wights (D)
  Dowan (D)
  A killer bee (D)
  A hound (D)
  5 jellies (D)
  An iron imp (D)
  An orc wizard (D)
  5 adders (D)
  A spectral adder (D)
  An adder zombie (D)
  A dart slug (D)
  An adder simulacrum (D)
  4 ball pythons (D)
  2 endoplasms (D)
  2 jackals (D)
  A ball python simulacrum (D)
  A ball python skeleton (D)
  A ball python zombie (D)
  A giant cockroach zombie (D)
  A quokka zombie (D)
  8 tentacles (D)
442 creatures vanquished.

Vanquished Creatures (collateral kills)
  A lich (D)
  Polyphemus (D)
  2 shadow dragons (D)
  An azure jelly (D)
  2 rockslimes (D)
  Aizul (D)
  A ghoul (D)
  A vault warden (D)
  Louise (D)
  A spriggan defender (D)
  A stone giant (D)
  2 vampire knights (D)
  Josephine (D)
  Harold (D)
  2 hydras (D)
  2 soul eaters (D)
  A skeletal warrior (D)
  A spriggan druid (D)
  A harpy (D)
  An elephant (D)
  A black mamba (D)
  5 cane toads (D)
  An eye of devastation (D)
  Psyche (D)
  A demonic crawler (D)
  2 rime drakes (D)
  2 komodo dragons (D)
  2 slime creatures (D)
  A snapping turtle (D)
  A vampire (D)
  2 yaks (D)
  3 shadows (D)
  3 basilisks (D)
  A water moccasin (D)
  2 nagas (D)
  An orc warrior (D)
  2 bullfrogs (D)
  A necrophage (D)
  A wight (D)
  A crimson imp (D)
  A quasit (D)
  An iron imp (D)
  An ufetubus (D)
  A spectral bat (D)
  A ball python (D)
  A bat skeleton (D)
  3 bat zombies (D)
  A jackal (D)
  2 ball python skeletons (D)
  2 ball python zombies (D)
  A giant cockroach zombie (D)
  A quokka skeleton (D)
75 creatures vanquished.

Vanquished Creatures (others)
  A red draconian (D)
  A harpy (D)
  A water moccasin (D)
  Jessica (D)
  An endoplasm (D)
  2 fire vortices (D)
  24 tentacles (D)
31 creatures vanquished.

Grand Total: 548 creatures vanquished

Notes
Turn   | Place    | Note
-------+----------+-------------------------------------------
     0 | D        | enile the Hill Orc Monk began the quest for the Orb.
     0 | D        | Reached XP level 1. HP: 19/19 MP: 1/1
     0 | D        | Found a bloodstained altar of Trog.
     0 | D        | Found a shimmering blue altar of Sif Muna.
     0 | D        | Found a sacrificial altar of Ru.
     0 | D        | Found a stormy altar of Qazlal.
     0 | D        | Found an iron altar of Okawaru.
    14 | D        | Found a sparkling altar of Nemelex Xobeh.
    14 | D        | Found the +7 great mace "Firestarter" {inner flame, rF++}
    14 | D        | Found the +6 shillelagh "Devastator" {shatter}
    14 | D        | Found the +11 plutonium sword {Contam Stlth-}
    14 | D        | Found the +8 lance "Wyrmbane" {slay drac, rPois rF+ rC+
                  | AC+3}
    14 | D        | Found the +9 sword of Zonguldrok {reap}
    14 | D        | Found the +13 scythe of Curses {drain, Drain}
    14 | D        | Found the +5 sword of Power {vorpal}
    14 | D        | Found the +7 mace of Variability {chain chaos}
    14 | D        | Found the +7 Singing Sword {vorpal, sonic wave}
    14 | D        | Found the +8 storm bow {elec, penet}
    14 | D        | Found the +6 Majin-Bo {vamp, MP+6 Int+6}
    14 | D        | Found the +9 heavy crossbow "Sniper" {vorpal, Acc+∞ SInv}
    14 | D        | Found the +10 dark maul {vorpal}
    14 | D        | Found the +15 Maxwell's patent armour {-Cast -Tele rElec
                  | Will+ rCorr}
    14 | D        | Found the +18 shield of the Gong {rElec rN+ Will+ EV-5}
    14 | D        | Found the +14 obsidian axe {vorpal, Mesm Drain Fly SInv}
    15 | D        | Found a burning altar of Makhleb.
    15 | D        | Found a corrupted altar of Lugonu.
    15 | D        | Found an ancient bone altar of Kikubaaqudgha.
    15 | D        | Found a transporter.
    22 | D        | Became a worshipper of Nemelex Xobeh the Trickster
    22 | D        | Reached * piety under Nemelex Xobeh
    22 | D        | Received a gift from Nemelex Xobeh
    22 | D        | Reached ** piety under Nemelex Xobeh
    24 | D        | Found a viscous altar of Jiyva.
    26 | D        | Found a hazy altar of Hepliaklqana.
    34 | D        | Found an opulent altar of Gozag.
    35 | D        | Found a blossoming altar of Fedhas.
    39 | D        | Reached skill level 5 in Evocations
    39 | D        | Reached XP level 2. HP: 26/26 MP: 1/6
   103 | D        | Entered arena 2.
   103 | D        | Noticed a tarantella
   103 | D        | Noticed a jumping spider
   103 | D        | Found a transporter.
   108 | D        | HP: 1/26 [tarantella (9)]
   112 | D        | Killed a tarantella
   113 | D        | Reached skill level 10 in Fighting
   113 | D        | Reached XP level 3. HP: 39/45 MP: 7/7
   113 | D        | Reached XP level 4. HP: 44/51 MP: 9/9
   113 | D        | Reached XP level 5. HP: 50/58 MP: 10/10
   116 | D        | Killed a jumping spider
   117 | D        | Reached XP level 6. HP: 58/66 MP: 11/11
   160 | D        | Got the +4 ring mail of the Great Game {+Inv rElec Str+2}
   163 | D        | Entered arena 3.
   163 | D        | Received a gift from Nemelex Xobeh
   163 | D        | Reached *** piety under Nemelex Xobeh
   163 | D        | Found a transporter.
   177 | D        | Entered arena 4.
   177 | D        | Found a transporter.
   182 | D        | Reached XP level 7. HP: 64/72 MP: 12/12
   185 | D        | Reached skill level 10 in Axes
   228 | D        | Entered arena 5.
   228 | D        | Noticed a vault warden
   228 | D        | Noticed a harpy
   228 | D        | Noticed an ironbound thunderhulk
   228 | D        | Noticed a vault sentinel
   228 | D        | Received a gift from Nemelex Xobeh
   228 | D        | Found a transporter.
   236 | D        | Killed a vault warden
   237 | D        | Reached skill level 15 in Fighting
   237 | D        | Reached XP level 8. HP: 47/91 MP: 13/13
   237 | D        | Killed a harpy
   238 | D        | Reached skill level 10 in Evocations
   238 | D        | Reached XP level 9. HP: 51/97 MP: 14/14
   239 | D        | Killed a vault sentinel
   243 | D        | Killed an ironbound thunderhulk
   414 | D        | Entered arena 6.
   414 | D        | Found the +5 glaive of the Guard {elec, spectral, AC+5}
   414 | D        | Reached **** piety under Nemelex Xobeh
   414 | D        | Received a gift from Nemelex Xobeh
   414 | D        | Found a transporter.
   421 | D        | Got the amulet "Liwaxt" {Reflect Dex+3 SH+5}
   435 | D        | Entered arena 7.
   435 | D        | Noticed an eye of devastation
   435 | D        | Received a gift from Nemelex Xobeh
   442 | D        | Killed an eye of devastation
   443 | D        | Reached XP level 10. HP: 100/105 MP: 20/20
   444 | D        | Found a transporter.
   456 | D        | Entered arena 8.
   456 | D        | Noticed a cane toad
   456 | D        | Noticed a cane toad
   456 | D        | Received a gift from Nemelex Xobeh
   456 | D        | Reached ***** piety under Nemelex Xobeh
   456 | D        | Received a gift from Nemelex Xobeh
   457 | D        | Found a transporter.
   460 | D        | Killed a cane toad
   460 | D        | Killed a cane toad
   461 | D        | Reached skill level 15 in Axes
   472 | D        | Got the ring of Lady Luck {Wiz Dex+3}
   478 | D        | Entered arena 9.
   478 | D        | Found the +3 robe of Clouds {*Thunder rCloud rElec}
   478 | D        | Received a gift from Nemelex Xobeh
   479 | D        | Found a transporter.
   482 | D        | Reached skill level 15 in Invocations
   487 | D        | Reached skill level 1 in Shields
   495 | D        | Got Sif Muna's Atlas of the Doomed Traveller
   503 | D        | Entered arena 10.
   503 | D        | Received a gift from Nemelex Xobeh
   503 | D        | Received a gift from Nemelex Xobeh
   504 | D        | Found a transporter.
   510 | D        | Reached skill level 5 in Shields
   837 | D        | Entered arena 11.
   837 | D        | Found the +7 sceptre of Torment {pain, torment}
   837 | D        | Received a gift from Nemelex Xobeh
   838 | D        | Found a transporter.
   840 | D        | Reached skill level 10 in Shields
   840 | D        | Reached XP level 11. HP: 112/112 MP: 23/23
   847 | D        | Got the Dissertation on the Congregated Snake
   856 | D        | Entered arena 12.
   856 | D        | Noticed a manticore
   856 | D        | Noticed a merfolk javelineer
   856 | D        | Noticed a merfolk impaler
   856 | D        | Noticed a merfolk aquamancer
   856 | D        | Received a gift from Nemelex Xobeh
   856 | D        | Noticed a merfolk avatar
   856 | D        | Noticed a manticore
   856 | D        | Noticed a satyr
   857 | D        | Received a gift from Nemelex Xobeh
   857 | D        | Reached ****** piety under Nemelex Xobeh
   857 | D        | Noticed a merfolk javelineer
   857 | D        | Identified the +1 scale mail "Bem Hueh" {Int+2 Slay+5}
   857 | D        | Noticed a merfolk impaler
   857 | D        | Found the +8 autumn katana {vorpal, manifold assault}
   858 | D        | Killed a satyr
   858 | D        | Killed a manticore
   858 | D        | Killed a merfolk impaler
   858 | D        | Killed a merfolk aquamancer
   858 | D        | Killed a merfolk javelineer
   858 | D        | Killed a merfolk avatar
   858 | D        | Killed a manticore
   859 | D        | Reached skill level 15 in Evocations
   859 | D        | Noticed a great orb of eyes
   859 | D        | a merfolk javelineer changed into a great orb of eyes
   859 | D        | a merfolk impaler changed into a torpor snail
   859 | D        | Killed a great orb of eyes
   865 | D        | Found a transporter.
  1002 | D        | Entered arena 13.
  1002 | D        | Noticed Sigmund
  1002 | D        | Noticed Harold
  1002 | D        | Noticed Joseph
  1002 | D        | Noticed Dowan
  1003 | D        | Noticed Jessica
  1003 | D        | Noticed Nergalle
  1004 | D        | Found a transporter.
  1005 | D        | Killed Jessica
  1010 | D        | Killed Dowan
  1013 | D        | Killed Sigmund
  1015 | D        | Killed Joseph
  1015 | D        | Noticed a sixfirhy
  1016 | D        | Reached XP level 12. HP: 41/119 MP: 24/26
  1016 | D        | Killed Nergalle
  1020 | D        | Killed Harold
  1338 | D        | Got the ring of Ytiufodi {rElec rF+ rN+ rCorr}
  1342 | D        | Got the ring of the Princess {rPois Dex+2}
  1347 | D        | Got the Volume of the Mind
  1352 | D        | Entered arena 14.
  1354 | D        | Noticed a naga warrior
  1354 | D        | Noticed a naga warrior
  1354 | D        | Noticed an anaconda
  1357 | D        | Killed an anaconda
  1358 | D        | Found a transporter.
  1358 | D        | Received a gift from Nemelex Xobeh
  1363 | D        | Killed a naga warrior
  1365 | D        | Killed a naga warrior
  1474 | D        | Got the Grimoire of Baleful Shifting
  1508 | D        | Entered arena 15.
  1508 | D        | Received a gift from Nemelex Xobeh
  1509 | D        | Noticed a two-headed ogre
  1509 | D        | Noticed a stone giant
  1516 | D        | Killed a two-headed ogre
  1518 | D        | Found a transporter.
  1518 | D        | Received a gift from Nemelex Xobeh
  1522 | D        | Killed a stone giant
  1542 | D        | Got the Papyrus of Ice and Air
  1550 | D        | Got the Commentary on Interference
  1562 | D        | Entered arena 16.
  1562 | D        | Received a gift from Nemelex Xobeh
  1562 | D        | Received a gift from Nemelex Xobeh
  1563 | D        | Noticed a green draconian
  1563 | D        | Noticed a white draconian
  1563 | D        | Noticed a black draconian
  1563 | D        | Noticed a red draconian
  1563 | D        | Noticed a yellow draconian
  1563 | D        | Noticed a yellow draconian
  1563 | D        | Noticed a black draconian
  1563 | D        | Noticed a white draconian
  1563 | D        | Noticed a black draconian
  1563 | D        | Noticed a white draconian
  1564 | D        | Noticed a quicksilver dragon
  1564 | D        | Noticed an Orb Guardian
  1564 | D        | Noticed a quicksilver dragon
  1564 | D        | Noticed a death cob
  1569 | D        | Killed a yellow draconian
  1569 | D        | Killed a yellow draconian
  1569 | D        | Killed a quicksilver dragon
  1569 | D        | Killed a white draconian
  1569 | D        | Killed a white draconian
  1569 | D        | Killed a green draconian
  1569 | D        | Killed a white draconian
  1569 | D        | Killed a quicksilver dragon
  1569 | D        | Killed an Orb Guardian
  1569 | D        | Killed a death cob
  1569 | D        | Killed a red draconian
  1570 | D        | Reached XP level 13. HP: 114/139 MP: 18/27
  1570 | D        | Found a transporter.
  1573 | D        | Received a gift from Nemelex Xobeh
  1580 | D        | Killed a black draconian
  1580 | D        | Killed a black draconian
  1582 | D        | Killed a black draconian
  1586 | D        | Got the Octavo of Solid Frostbite
  1749 | D        | Entered arena 17.
  1749 | D        | Received a gift from Nemelex Xobeh
  1845 | D        | Found a transporter.
  1869 | D        | Entered arena 18.
  1869 | D        | Received a gift from Nemelex Xobeh
  1869 | D        | Received a gift from Nemelex Xobeh
  1871 | D        | Received a gift from Nemelex Xobeh
  1872 | D        | Noticed an Orb Guardian
  1872 | D        | Noticed a white draconian
  1872 | D        | Noticed a purple draconian shifter
  1872 | D        | Noticed a purple draconian
  1872 | D        | Noticed a red draconian
  1872 | D        | Noticed a purple draconian shifter
  1872 | D        | Noticed a red draconian
  1872 | D        | Noticed a white draconian
  1872 | D        | Noticed a green draconian
  1872 | D        | Noticed a black draconian
  1872 | D        | Found a transporter.
  1872 | D        | Noticed a yellow draconian
  1872 | D        | Noticed a yellow draconian
  1872 | D        | Noticed a yellow draconian
  1872 | D        | Noticed a yellow draconian
  1872 | D        | Noticed a green draconian
  1872 | D        | Noticed a green draconian
  1872 | D        | Noticed an Orb Guardian
  1873 | D        | Killed an Orb Guardian
  1874 | D        | Noticed a white draconian
  1875 | D        | Killed a purple draconian
  1875 | D        | Killed a green draconian
  1875 | D        | Killed a white draconian
  1876 | D        | Reached XP level 14. HP: 44/148 MP: 20/29
  1876 | D        | Killed a yellow draconian
  1876 | D        | Killed a yellow draconian
  1876 | D        | Killed a red draconian
  1884 | D        | Killed a green draconian
  1884 | D        | Killed a red draconian
  1884 | D        | Killed a yellow draconian
  1885 | D        | Reached skill level 10 in Dodging
  1886 | D        | HP: 3/148 [purple draconian shifter/bolt of dispelling
                  | energy (30)]
  1890 | D        | Killed an Orb Guardian
  1892 | D        | Killed a green draconian
  1892 | D        | Killed a black draconian
  1893 | D        | Killed a purple draconian shifter
  1896 | D        | HP: 5/148 [purple draconian shifter/bolt of dispelling
                  | energy (18)]
  1903 | D        | Killed a yellow draconian
  1917 | D        | Killed a white draconian
  1919 | D        | Killed a white draconian
  1934 | D        | Killed a purple draconian shifter
  2278 | D        | Entered arena 19.
  2278 | D        | Received a gift from Nemelex Xobeh
  2281 | D        | Noticed a shadow dragon
  2285 | D        | Noticed a shadow dragon
  2296 | D        | Killed a shadow dragon
  2303 | D        | Killed a shadow dragon
  2313 | D        | Received a gift from Nemelex Xobeh
  2313 | D        | Found a transporter.
  2321 | D        | Got the Codex of Conjury
  2323 | D        | Got the Spellbook of Toxic Evolution
  2350 | D        | Entered arena 20.
  2350 | D        | Received a gift from Nemelex Xobeh
  2350 | D        | Received a gift from Nemelex Xobeh
  2353 | D        | Received a gift from Nemelex Xobeh
  2355 | D        | Noticed Psyche
  2355 | D        | Noticed Josephine
  2355 | D        | Noticed Urug
  2355 | D        | Noticed Edmund
  2355 | D        | Noticed Agnes
  2355 | D        | Noticed Aizul
  2355 | D        | Noticed Prince Ribbit
  2355 | D        | Noticed Snorg
  2355 | D        | Noticed Louise
  2355 | D        | Noticed Sonja
  2355 | D        | Noticed Crazy Yiuf
  2355 | D        | Noticed Azrael
  2355 | D        | Noticed Polyphemus
  2355 | D        | Noticed Grinder
  2356 | D        | Noticed Eustachio
  2358 | D        | Killed Psyche
  2359 | D        | Reached skill level 15 in Dodging
  2361 | D        | Killed Prince Ribbit
  2361 | D        | Killed Edmund
  2361 | D        | Killed Urug
  2361 | D        | Noticed Agnes
  2361 | D        | Agnes changed into Agnes the anaconda
  2361 | D        | Noticed Sonja
  2361 | D        | Sonja changed into Sonja the naga
  2361 | D        | Noticed Crazy Yiuf
  2361 | D        | Crazy Yiuf changed into Crazy Yiuf the dart slug
  2361 | D        | Noticed Grinder
  2361 | D        | Grinder changed into Grinder the crimson imp
  2361 | D        | Noticed Azrael
  2361 | D        | Azrael changed into Azrael the demonic crawler
  2361 | D        | Noticed Snorg
  2361 | D        | Snorg changed into Snorg the basilisk
  2361 | D        | Killed Josephine
  2362 | D        | Killed Crazy Yiuf the dart slug
  2363 | D        | Killed Agnes the anaconda
  2363 | D        | Killed Eustachio
  2366 | D        | Noticed Gastronok
  2367 | D        | Killed Azrael the demonic crawler
  2367 | D        | Killed Snorg the basilisk
  2368 | D        | Killed Aizul
  2368 | D        | Killed Sonja the naga
  2369 | D        | Killed Louise
  2371 | D        | Killed Grinder the crimson imp
  2372 | D        | Killed Polyphemus
  2375 | D        | Killed Gastronok
  2376 | D        | Reached XP level 15. HP: 86/155 MP: 16/30
  2379 | D        | Found a transporter.
  2386 | D        | Got Tezan's Omnibus of Companions
  2639 | D        | Entered arena 21.
  2639 | D        | Received a gift from Nemelex Xobeh
  2639 | D        | Received a gift from Nemelex Xobeh
  2640 | D        | Received a gift from Nemelex Xobeh
  2643 | D        | Noticed a rockslime
  2643 | D        | Noticed an azure jelly
  2655 | D        | Killed an azure jelly
  2655 | D        | Noticed a rockslime
  2656 | D        | Reached skill level 15 in Armour
  2656 | D        | Noticed a rockslime
  2656 | D        | Noticed an azure jelly
  2656 | D        | Noticed a rockslime
  2657 | D        | Noticed an acid blob
  2657 | D        | Noticed an acid blob
  2657 | D        | Gained mutation: Armour fits poorly on your strangely
                  | shaped body. [a shining eye]
  2660 | D        | Paralysed by a floating eye for 3 turns
  2662 | D        | Killed a rockslime
  2665 | D        | Killed a rockslime
  2677 | D        | Killed an acid blob
  2679 | D        | Killed a rockslime
  2685 | D        | Killed a rockslime
  2687 | D        | HP: 7/155 [acid (4)]
  2688 | D        | Received a gift from Nemelex Xobeh
  2688 | D        | Found a transporter.
  2688 | D        | Found the +7 great mace "Undeadhunter" {disrupt, rN+}
  2689 | D        | Killed an azure jelly
  2689 | D        | Killed an acid blob
  3093 | D        | Found the +7 lajatang of Order {silver, rMut}
  3104 | D        | Got Sif Muna's Volume of the Inconstant Compass
  3128 | D        | Entered arena 22.
  3128 | D        | Received a gift from Nemelex Xobeh
  3130 | D        | Received a gift from Nemelex Xobeh
  3136 | D        | Noticed a storm dragon
  3136 | D        | a merfolk aquamancer changed into a storm dragon
  3139 | D        | Received a gift from Nemelex Xobeh
  3161 | D        | Killed a storm dragon
  3162 | D        | Identified the ring "Mommenn" {rElec Int+4 Dex+6}
  3525 | D        | Noticed a kraken
  3526 | D        | Found a transporter.
  3535 | D        | Killed a kraken
  3616 | D        | Got Sif Muna's Incunabulum of the Shadowy Commander
  3673 | D        | Entered arena 23.
  3673 | D        | Received a gift from Nemelex Xobeh
  3674 | D        | Received a gift from Nemelex Xobeh
  3677 | D        | Received a gift from Nemelex Xobeh
  3679 | D        | Found the +3 greatsling "Punk" {acid, rCorr}
  3679 | D        | Noticed a ghoul
  3680 | D        | Noticed a lich
  3680 | D        | Noticed a ghoul
  3680 | D        | Noticed a ghoul
  3680 | D        | Identified the +2 rapier of Inference {vamp, *Rage rElec
                  | Stlth+}
  3683 | D        | Identified the +3 shortbow of False Hope {vorpal, rCorr}
  3685 | D        | Identified the +8 trident of Paper {vorpal, Fly Str-3 Int+2
                  | Dex+4}
  3685 | D        | Noticed a ghoul
  3689 | D        | Received a gift from Nemelex Xobeh
  3694 | D        | Reached skill level 27 in Evocations
  3694 | D        | Killed a lich
  3700 | D        | Reached XP level 16. HP: 16/162 MP: 26/31
  3700 | D        | HP: 8/162 [something (6)]
  3702 | D        | Reached skill level 15 in Shields
  3894 | D        | Found a transporter.
  3921 | D        | Got the Reference Book on Outbursts
  3940 | D        | Got the +1 pair of boots of the Five Stories {-Cast +Inv
                  | Str+2}
  3959 | D        | Entered arena 24.
  3959 | D        | Received a gift from Nemelex Xobeh
  3959 | D        | Received a gift from Nemelex Xobeh
  3962 | D        | Received a gift from Nemelex Xobeh
  3965 | D        | Received a gift from Nemelex Xobeh
  3965 | D        | Noticed a kraken
  3965 | D        | Noticed a kraken
  3965 | D        | Found the ring of Shadows {Umbra +Inv Stlth+}
  3966 | D        | a kraken changed into a frost giant
  3967 | D        | Killed a kraken
  3968 | D        | Paralysed by a floating eye for 4 turns
  3969 | D        | Noticed a kraken
  3969 | D        | Identified the +3 long sword of Ynnuk {drain, rPois rC+
                  | Str+3 Int-3}
  3970 | D        | Identified the ring of Anlig {Int+6 Dex+7 Slay+5 Stlth-}
  4000 | D        | Identified the +6 long sword "Weapn" {drain, rC+}
  4267 | D        | Noticed a kraken
  4272 | D        | Killed a kraken
  4276 | D        | Killed a kraken
  4331 | D        | Found a transporter.
  4331 | D        | Received a gift from Nemelex Xobeh
  4354 | D        | Got the Vademecum on the Conflagrant Spider
  4361 | D        | Got the Vellum of Fey Dislocation
  4451 | D        | Got the +0 pair of boots of the Teacher {Regen+}
  4465 | D        | Entered arena 25.
  4465 | D        | Received a gift from Nemelex Xobeh
  4465 | D        | Received a gift from Nemelex Xobeh
  4470 | D        | Received a gift from Nemelex Xobeh
  4472 | D        | Noticed a nagaraja
  4472 | D        | Noticed a nagaraja
  4473 | D        | Noticed a nagaraja
  4473 | D        | Noticed a nagaraja
  4473 | D        | Noticed a nagaraja
  4473 | D        | Noticed a nagaraja
  4473 | D        | Noticed a nagaraja
  4474 | D        | Killed a nagaraja
  4474 | D        | Killed a nagaraja
  4474 | D        | Killed a nagaraja
  4474 | D        | Killed a nagaraja
  4474 | D        | Killed a nagaraja
  4475 | D        | Reached XP level 17. HP: 183/183 MP: 16/34
  4475 | D        | Received a gift from Nemelex Xobeh
  4475 | D        | Found the +4 Cigotuvi's embrace {rMiasma Drain rN+}
  4476 | D        | Received a gift from Nemelex Xobeh
  4476 | D        | Found the ring of the Mage {Wiz Archmagi}
  4476 | D        | Found the +5 demon whip "Spellbinder" {antimagic, Will+}
  4478 | D        | Found the +12 pair of quick blades "Gyre" and "Gimble"
                  | {protect}
  4480 | D        | Found a transporter.
  4589 | D        | Got the ring of a Million Suns {*Corrode Dex+7 Slay+4}
  4629 | D        | Entered arena 26.
  4629 | D        | Received a gift from Nemelex Xobeh
  4629 | D        | Received a gift from Nemelex Xobeh
  4631 | D        | Received a gift from Nemelex Xobeh
  4634 | D        | Received a gift from Nemelex Xobeh
  4638 | D        | Noticed a titan
  4638 | D        | Noticed a titan
  4638 | D        | Noticed a titan
  4638 | D        | Noticed a titan
  4638 | D        | Noticed a titan
  4639 | D        | Killed a titan
  4639 | D        | Identified the amulet "Seuvy" {RegenMP rN+ Str+4}
  4642 | D        | Reached skill level 27 in Fighting
  4642 | D        | Killed a titan
  4642 | D        | Identified the ring of Summertime {rF+ Stlth+}
  4642 | D        | Noticed a titan
  4643 | D        | Noticed a titan
  4644 | D        | Reached skill level 27 in Invocations
  4644 | D        | Noticed a titan
  4646 | D        | Killed a titan
  4646 | D        | Identified the +10 scimitar "Ocepp" {vorpal, rElec Will+
                  | Str+3}
  4647 | D        | Killed a titan
  4648 | D        | Killed a titan
  4648 | D        | Killed a titan
  4648 | D        | Killed a titan
  4651 | D        | Reached XP level 18. HP: 64/200 MP: 28/35
  4655 | D        | Killed a titan
  4656 | D        | Received a gift from Nemelex Xobeh
  4656 | D        | Identified the +10 great mace "Turhaaphab" {freeze, rC+}
  4776 | D        | Found a transporter.
  4823 | D        | Entered arena 27.
  4823 | D        | Received a gift from Nemelex Xobeh
  4823 | D        | Received a gift from Nemelex Xobeh
  4826 | D        | Received a gift from Nemelex Xobeh
  4829 | D        | Received a gift from Nemelex Xobeh
  4833 | D        | Received a gift from Nemelex Xobeh
  4833 | D        | Identified the +4 rapier of Watchfulness {flame, Str+6
                  | Int+3 Dex-3 SInv}
  4836 | D        | Identified the ring of Votz {MP+9 Int+6}
  4836 | D        | Identified the +9 sling "Killer Bee's Death" {vorpal, rF+
                  | Str+2 Stlth+}
  4838 | D        | Reached skill level 27 in Armour
  4838 | D        | Identified the ring "Nutil" {rCorr Int+6}
  4874 | D        | Reached skill level 27 in Shields
  4879 | D        | Found the +5 lochaber axe {reach-cleave, poleaxe}
  4885 | D        | Found a transporter.
  5026 | D        | Received a gift from Nemelex Xobeh
  5031 | D        | Got the Exposition on the Flinty Iceberg
  5069 | D        | Entered arena 28.
  5069 | D        | Received a gift from Nemelex Xobeh
  5069 | D        | Received a gift from Nemelex Xobeh
  5072 | D        | Received a gift from Nemelex Xobeh
  5076 | D        | Received a gift from Nemelex Xobeh
  5088 | D        | Lost mutation: Armour fits poorly on your strangely shaped
                  | body. [potion of mutation]
  5088 | D        | Gained mutation: You are strong-willed. (Will+) [potion of
                  | mutation]
  5088 | D        | Gained mutation: Your spells are a little harder to cast,
                  | but a little more powerful. [potion of mutation]
  5088 | D        | Gained mutation: You are somewhat resistant to further
                  | mutation. [potion of mutation]
  5135 | D        | Reached XP level 19. HP: 163/207 MP: 28/36
  5152 | D        | Reached skill level 27 in Dodging
  5190 | D        | Reached skill level 5 in Stealth
  5271 | D        | Received a gift from Nemelex Xobeh
  5274 | D        | Found a transporter.
  5289 | D        | Received a gift from Nemelex Xobeh
  5290 | D        | Got the ring "Hutusegh" {Wiz Str+3}
  5315 | D        | Found the +8 frozen axe "Frostbite" {freezing cloud, *Noise
                  | Fly rC+}
  5337 | D        | Learned a level 2 spell: Blink
  5390 | D        | Got the Orb of Zot
  5395 | D        | Escaped with the Orb!

Illustrated notes

Levels and vault maps discovered:
D:        sprint_v [room_start, room_1, room_2, room_3, room_4, room_5, room_6,
          room_7, room_8, room_9, room_10, room_11, room_12, room_13, room_14,
          room_15, room_16, room_17, room_18, room_19, room_20, room_21,
          room_22, room_23, room_24, room_25, room_26, room_27]

Skill      XL: |  1  2  3  4  5  6  7  8  9 10 11 12 13 14 15 16 17 18 19 |
---------------+----------------------------------------------------------+-----
Invocations    | 6 7 14 17 20 21 22 26 27 | 27.0
Evocations     | 5 7 10 15 17 20 27 | 27.0
Fighting       | 10 15 20 24 27 | 27.0
Armour         | 6 12 14 16 20 26 27 | 27.0
Dodging        | 3 6 7 16 18 21 26 27 | 27.0
Axes           | 6 8 10 12 15 18 20 | 20.6
Shields        | 10 14 16 20 27 | 27.0
Stealth        | 5 |  5.3

Action                   |  1- 3 |  4- 6 |  7- 9 | 10-12 | 13-15 | 16-18 | 19-21 || total
-------------------------+-------+-------+-------+-------+-------+-------+-------++-------
Melee: Broad axe         |     5 |     4 |    15 |    41 |    96 |   119 |    16 ||   296
       Katana            |       |       |       |       |    25 |       |       ||    25
Invok: Draw Summoning    |       |       |     2 |     5 |     9 |     4 |       ||    20
       Draw Destruction  |       |       |     1 |     1 |     3 |       |       ||     5
       Deal Four         |       |       |       |     3 |    15 |    24 |       ||    42
Evoke: Lightning rod     |     2 |       |       |       |    11 |     2 |       ||    15
       Tin of tremorston |       |       |       |     9 |     3 |    10 |     1 ||    23
       Condenser vane    |       |       |       |       |     8 |     3 |       ||    11
       Phantom mirror    |       |       |       |       |     6 |     3 |       ||     9
  Use: Potion            |     2 |       |     3 |     1 |     9 |     8 |     1 ||    24
       Scroll            |       |       |       |       |     4 |     8 |       ||    12
 Stab: Distracted        |       |       |       |     5 |     1 |     2 |       ||     8
       Petrified         |       |       |       |     2 |    19 |     7 |       ||    28
       Petrifying        |       |       |       |       |     1 |     1 |       ||     2
Armor: Gold dragon scale |     8 |     1 |     7 |    23 |    71 |    82 |    15 ||   207
Dodge: Dodged            |       |       |       |     1 |    39 |    41 |     7 ||    88
Block: Kite shield       |    15 |     6 |    21 |    72 |   258 |   235 |    24 ||   631
       Reflection        |       |       |       |     9 |     9 |    18 |       ||    36

Table legend: (Time is in decaauts)
 A = Elapsed time spent in this place.
 B = Non-inter-level travel time spent in this place.
 C = Inter-level travel time spent in this place.
 D = Time resting spent in this place.
 E = Time spent auto-exploring this place.
 F = Levels seen in this place.
 G = Mean time per level.
                   A        B        C        D        E       F      G
               +--------+--------+--------+--------+--------+-----+--------+
         Total |   5423 |   5423 |      0 |    518 |   3012 |   1 | 5423.0 |
       Dungeon |   5423 |   5423 |      0 |    518 |   3012 |   1 | 5423.0 |
               +--------+--------+--------+--------+--------+-----+--------+

Top non-repeatable levels by time:
       D: 5423 daAuts
